 Dungeon Crawl Stone Soup version 0.29-a0-885-gb26ba3297d (webtiles) character file.

Game seed: 5597166275261740922

5427 jimonade the Thaumaturge (level 10, -20/76 HPs)
             Began as a Gnoll Hedge Wizard on July 21, 2022.
             Killed from afar by an efreet (22 damage)
             ... with a fireball
             ... on level 9 of the Dungeon.
             The game lasted 00:36:10 (14034 turns).

jimonade the Thaumaturge (Gnoll Hedge Wizard)      Turns: 14034, Time: 00:36:11

Health: -20/76     AC: 13    Str: 12    XL:     10   Next: 67%
Magic:  0/23       EV: 12    Int: 16    God:
Gold:   373        SH: 11    Dex: 11    Spells: 20/27 levels left

rFire   . . .      SeeInvis +   M - +7 trident
rCold   . . .      Faith    .   S - +2 kite shield {rN+}
rNeg    + . .      Spirit   +   f - +0 acid dragon scales
rPois   .          Reflect  .   l - +0 helmet {SInv}
rElec   .          Harm     .   (no cloak)
rCorr   +          Rampage  .   T - +0 pair of gloves
Will    .....                   n - +2 pair of boots
Stlth   +++.......              D - amulet of guardian spirit
HPRegen 0.22/turn               (no ring)
MPRegen 0.18/turn               (no ring)

@: no status effects
A: fangs 1, strong nose, distributed training
a: no special abilities


You were on level 9 of the Dungeon.
You visited 1 branch of the dungeon, and saw 9 of its levels.

You collected 590 gold pieces.
You spent 217 gold pieces at shops.

Inventory:

Hand Weapons
 a - a +2 dagger of venom
 b - a +2 sling of flaming
 y - a +0 shortbow
 A - a +2 vampiric long sword
 G - a +2 great sword
 H - a +1 dagger of draining
 L - a +5 short sword
 M - a +7 trident (weapon)
 O - a +1 dagger of electrocution
 P - a +3 scimitar
 Q - a +5 trident of freezing
 R - a +5 dagger
Missiles
 j - a throwing net
 k - 43 poisoned darts
 w - 8 boomerangs
 I - a curare-tipped dart
Armour
 f - +0 acid dragon scales (worn)
 l - a +0 helmet of see invisible (worn)
 n - a +2 pair of boots (worn)
 r - a +0 chain mail
 s - a +1 scale mail of positive energy
 N - +0 steam dragon scales
 S - a +2 kite shield of positive energy (worn)
 T - a +0 pair of gloves (worn)
Magical Staves
 U - a staff of death
Jewellery
 m - a ring of fire
 p - an amulet of reflection
 D - an amulet of guardian spirit (around neck)
Wands
 u - a wand of acid (4)
 C - a wand of digging (9)
 K - a wand of iceblast (6)
 V - a wand of charming (3)
Scrolls
 e - 2 scrolls of magic mapping
 h - 6 scrolls of identify
 i - a scroll of acquirement
 q - 3 scrolls of fear
 x - 2 scrolls of blinking
 E - 3 scrolls of teleportation
 J - a scroll of poison
Potions
 c - a potion of might {unknown}
 d - 2 potions of magic
 g - 3 potions of resistance
 o - 2 potions of degeneration {unknown}
 t - 8 potions of curing
 v - a potion of mutation {unknown}
 z - a potion of flight {unknown}
 B - a potion of invisibility {unknown}
 F - 4 potions of heal wounds


   Skills:
 + Level 5.7 Fighting
 + Level 5.7 Short Blades
 + Level 5.7 Long Blades
 + Level 5.7 Axes
 + Level 5.7 Maces & Flails
 + Level 5.7 Polearms
 + Level 5.7 Staves
 + Level 5.7 Ranged Weapons
 + Level 5.7 Throwing
 + Level 5.7 Armour
 + Level 7.4 Dodging
 + Level 7.1 Stealth
 + Level 5.7 Shields
 + Level 5.7 Unarmed Combat
 + Level 9.2 Spellcasting
 + Level 5.2 Conjurations
 + Level 4.7 Hexes
 + Level 5.2 Summonings
 + Level 4.7 Necromancy
 + Level 5.2 Translocations
 + Level 4.7 Transmutations
 + Level 4.7 Fire Magic
 + Level 4.7 Ice Magic
 + Level 4.7 Air Magic
 + Level 4.7 Earth Magic
 + Level 4.7 Poison Magic
 + Level 6.2 Invocations
 + Level 5.7 Evocations


You had 20 spell levels left.
You knew the following spells:

 Your Spells              Type           Power      Damage    Failure   Level
a - Magic Dart            Conj           96%        1d7       4%          1
b - Conjure Flame         Conj/Fire      23%        6-21      16%         3
c - Mephitic Cloud        Conj/Pois/Air  23%        N/A       16%         3

Your spell library contained the following spells:

 Spells                   Type           Power      Damage    Failure   Level
 Foxfire                  Conj/Fire      92%        2x1d8     4%          1
 Beastly Appendage        Tmut           44%        N/A       5%          1
 Slow                     Hex            88%        N/A       5%          1
 Blink                    Tloc           48%        N/A       7%          2
 Call Imp                 Summ           24%        N/A       7%          2
 Ensorcelled Hibernation  Hex/Ice        44%        N/A       9%          2
 Wereblood                Tmut           22%        N/A       9%          2
 Call Canine Familiar     Summ           24%        N/A       14%         3
 Gell's Gravitas          Tloc           24%        N/A       14%         3
 Teleport Other           Tloc           24%        N/A       14%         3
 Portal Projectile        Hex/Tloc       46%        N/A       16%         3
 Inner Flame              Hex/Fire       22%        N/A       17%         3
 Spider Form              Tmut/Pois      22%        N/A       17%         3
 Flame Wave               Conj/Fire      23%        2d7       45%         4
 Anguish                  Hex/Necr       11%        N/A       50%         4
 Leda's Liquefaction      Hex/Erth       11%        N/A       50%         4
 Iskenderun's Battlesphe  Conj           24%        2d8       77%         5
 Fireball                 Conj/Fire      11%        3d7       80%         5
 Conjure Ball Lightning   Conj/Air       11%        3x3d6     100%        6
 Dispersal                Tloc           12%        N/A       100%        6
 Orb of Destruction       Conj           12%        9d7       100%        7


Dungeon Overview and Level Annotations

Branches:
Dungeon (9/15)             Temple (0/1) D:7
   Lair: D:8-11         Orc: D:9-12

Altars:
Ashenzari
Cheibriados
Elyvilon
Gozag
Kikubaaqudgha
Sif Muna
Vehumet
Xom
The Shining One

Shops:
D:5 [   D:6 *

Annotations:
D:3 exclusion: downstairs


Innate Abilities, Weirdness & Mutations

You have very sharp teeth.
Your uncanny sense of smell can sniff out nearby items.
Your experience applies equally to all skills.


Message History

You open the door.
There is an open door here.
An efreet is nearby!
You hit the efreet.
The efreet is lightly wounded.
The efreet hits you with a +3 scimitar of flaming!!
The efreet burns you.
You hit the efreet but do no damage. You bite the efreet, but do no damage.
The efreet is lightly wounded.
The efreet gestures at you. The bolt of fire misses you.
You hit the efreet but do no damage.
The efreet is lightly wounded.
The efreet gestures at you.
The fireball explodes!
The fireball engulfs you!!
The fireball engulfs the efreet.
The efreet completely resists.
You hit the efreet.
The efreet is lightly wounded.
The efreet hits you with a +3 scimitar of flaming.
The efreet burns you. You block the efreet's attack.
You puncture the efreet!
The efreet is moderately wounded.
The efreet hits you with a +3 scimitar of flaming!
The efreet burns you.
You hit the efreet.
The efreet is moderately wounded.
The efreet gestures at you.
The fireball explodes!
The fireball engulfs you!!
* * * LOW HITPOINT WARNING * * *
The fireball engulfs the efreet.
The efreet completely resists.
You hit the efreet but do no damage.
The efreet is moderately wounded.
The efreet gestures at you. The bolt of fire hits you!
* * * LOW HITPOINT WARNING * * *
You hit the efreet but do no damage.
The efreet is moderately wounded.
The efreet gestures at you.
The fireball explodes!
The fireball engulfs you!!
You die...

#.............).........#
#..#......#.............#
##..#......##............#
##..###.....##............#
##..## ##....##............#
##..## ##..#######'########
##..##..#..##..### #.######
...##..#.#..##...####...[..#
.### .#._.#. ###@..#######.#
...# ..#.#.. #.R.#.#######.###
##..#'..#..##..###...........#
#..##...##..# #.........(.#
#..##.##..# #.......<...####
#..# #..# #....)......#... #..
..# #....)[.....#.## #. ..
#.............#
#...........###


You could see an efreet.

Vanquished Creatures
  A tengu warrior (D:8)
  Pikel (D:3)
  Joseph (D:8)
  Maggie (D:8)
  A troll (D:9)
  A wraith (D:9)
  2 wyverns (D:9)
  An acid dragon (D:8)
  2 water moccasins
  2 orc warriors
  A sky beast (D:7)
  4 centaurs
  2 lemures (D:3)
  2 phantoms
  3 kobold brigands
  2 scorpions
  3 bullfrogs
  14 wights
  3 howler monkeys
  3 jellies
  2 orc priests
  2 hounds
  3 iguanas
  7 orc wizards
  Robin (D:1)
  8 gnolls
  4 adders
  A worm (D:2)
  39 orcs
  3 endoplasms
  6 giant cockroaches
  15 goblins
  11 hobgoblins
  6 jackals
  3 quokkas
  5 ball pythons
  3 bats
  5 frilled lizards
  18 kobolds
  5 rats
197 creatures vanquished.

Notes
Turn   | Place    | Note
-------+----------+-------------------------------------------
     0 | D:1      | jimonade the Gnoll Hedge Wizard began the quest for the
                  | Orb.
     0 | D:1      | Reached XP level 1. HP: 13/13 MP: 8/8
   406 | D:1      | Reached XP level 2. HP: 19/19 MP: 8/10
   955 | D:1      | Found a faded altar of an unknown god.
  1206 | D:2      | Found an ancient bone altar of Kikubaaqudgha.
  1406 | D:2      | Noticed Robin
  1580 | D:2      | Reached XP level 3. HP: 13/25 MP: 0/11
  1591 | D:2      | Reached skill level 1 in Invocations
  1866 | D:2      | Reached skill level 1 in Fighting
  1866 | D:2      | Reached skill level 1 in Short Blades
  1866 | D:2      | Reached skill level 1 in Long Blades
  1866 | D:2      | Reached skill level 1 in Axes
  1866 | D:2      | Reached skill level 1 in Maces & Flails
  1866 | D:2      | Reached skill level 1 in Polearms
  1866 | D:2      | Reached skill level 1 in Staves
  1866 | D:2      | Reached skill level 1 in Ranged Weapons
  1866 | D:2      | Reached skill level 1 in Throwing
  1866 | D:2      | Reached skill level 1 in Armour
  1866 | D:2      | Reached skill level 1 in Shields
  1866 | D:2      | Reached skill level 1 in Unarmed Combat
  1866 | D:2      | Reached skill level 1 in Evocations
  1967 | D:2      | Reached XP level 4. HP: 32/32 MP: 13/13
  2235 | D:1      | Killed Robin
  2236 | D:1      | Reached skill level 1 in Hexes
  2236 | D:1      | Reached skill level 1 in Necromancy
  2236 | D:1      | Reached skill level 1 in Transmutations
  2236 | D:1      | Reached skill level 1 in Fire Magic
  2236 | D:1      | Reached skill level 1 in Ice Magic
  2236 | D:1      | Reached skill level 1 in Air Magic
  2236 | D:1      | Reached skill level 1 in Earth Magic
  2236 | D:1      | Reached skill level 1 in Poison Magic
  3139 | D:3      | Reached XP level 5. HP: 5/37 MP: 14/14
  3565 | D:4      | Found a white marble altar of Elyvilon.
  3664 | D:4      | Noticed a lemure
  3664 | D:4      | Noticed a lemure
  3664 | D:4      | Noticed a lemure
  3664 | D:4      | Noticed a lemure
  3664 | D:4      | Noticed Pikel
  3730 | D:3      | Killed a lemure
  3948 | D:3      | Identified a scroll of acquirement
  4176 | D:4      | Noticed a phantom
  4240 | D:3      | Killed a phantom
  4241 | D:3      | Reached XP level 6. HP: 28/44 MP: 10/16
  4434 | D:4      | Found a shimmering altar of Xom.
  4434 | D:4      | Found a radiant altar of Vehumet.
  4974 | D:3      | Killed Pikel
  4975 | D:3      | Reached skill level 5 in Dodging
  4975 | D:3      | Reached skill level 5 in Stealth
  4975 | D:3      | Reached XP level 7. HP: 25/51 MP: 11/18
  5530 | D:5      | Entered Level 5 of the Dungeon
  5686 | D:5      | Reached XP level 8. HP: 50/58 MP: 15/19
  6087 | D:5      | Found Byrphyu's Antique Armour Shoppe.
  6093 | D:5      | Bought a glowing helmet for 217 gold pieces
  6401 | D:5      | Found a shimmering blue altar of Sif Muna.
  6401 | D:5      | Found a broken altar of Ashenzari.
  7080 | D:6      | Reached skill level 8 in Spellcasting
  8191 | D:6      | Found Anlyacur's General Store.
  8732 | D:7      | Reached XP level 9. HP: 52/65 MP: 17/21
  9579 | D:7      | Found a staircase to the Ecumenical Temple.
 10203 | D:7      | Found an opulent altar of Gozag.
 10437 | D:8      | Noticed Maggie
 10469 | D:7      | Learned a level 3 spell: Conjure Flame
 10473 | D:7      | Learned a level 3 spell: Mephitic Cloud
 10487 | D:8      | Killed Maggie
 10488 | D:8      | Reached skill level 5 in Invocations
 11616 | D:8      | Noticed Joseph
 11654 | D:8      | Killed Joseph
 11665 | D:8      | Reached skill level 5 in Fighting
 11665 | D:8      | Reached skill level 5 in Short Blades
 11665 | D:8      | Reached skill level 5 in Long Blades
 11665 | D:8      | Reached skill level 5 in Axes
 11665 | D:8      | Reached skill level 5 in Maces & Flails
 11665 | D:8      | Reached skill level 5 in Polearms
 11665 | D:8      | Reached skill level 5 in Staves
 11665 | D:8      | Reached skill level 5 in Ranged Weapons
 11665 | D:8      | Reached skill level 5 in Throwing
 11665 | D:8      | Reached skill level 5 in Armour
 11665 | D:8      | Reached skill level 5 in Shields
 11665 | D:8      | Reached skill level 5 in Unarmed Combat
 11665 | D:8      | Reached skill level 5 in Evocations
 11665 | D:8      | Reached XP level 10. HP: 22/74 MP: 7/22
 12575 | D:9      | Reached skill level 9 in Spellcasting
 13152 | D:9      | Reached skill level 5 in Conjurations
 13152 | D:9      | Reached skill level 5 in Summonings
 13152 | D:9      | Reached skill level 5 in Translocations
 13176 | D:9      | Noticed a tengu warrior
 13194 | D:8      | Killed a tengu warrior
 13689 | D:9      | Found a glowing golden altar of the Shining One.
 13938 | D:9      | Found a snail-covered altar of Cheibriados.
 14033 | D:9      | HP: 2/76 [efreet/bolt of fire (9)]
 14034 | D:9      | Killed from afar by an efreet

Illustrated notes

Levels and vault maps discovered:
D:1:      lightli_arrival_statuegarden, layout_basic,
          shapermc_ecumenical_altar_pompeii
D:2:      kennysheep_big_flooded_room, layout_loops_cross, basic_altar,
          uniq_robin
D:3:      layout_rooms, kennysheep_big_empty_room
D:4:      layout_cave_pools, amcnicky_altar_gilded,
          gammafunk_temple_overflow_elements,
          hangedman_abyss_or_decor_jellyfish_corner, uniq_pikel
D:5:      layout_basic, grunt_temple_overflow_open, serial_shops, shop
D:6:      layout_rooms, serial_shops, shop
D:7:      layout_basic, nicolae_gozag_seed_capital,
          minmay_temple_entry_enclosed_plants, lightli_orcish_oven
D:8:      layout_basic, uniq_maggie, uniq_joseph
D:9:      layout_roguey, old_standard_altar, tso_metal_star

Skill      XL: |  1  2  3  4  5  6  7  8  9 10 |
---------------+-------------------------------+-----
Conjurations   | 2 3 4 5 |  5.2
Summonings     | 2 3 4 5 |  5.2
Translocations | 2 3 4 5 |  5.2
Invocations    | 1 2 3 4 5 6 |  6.2
Fighting       | 1 2 3 5 |  5.7
Short Blades   | 1 2 3 5 |  5.7
Long Blades    | 1 2 3 5 |  5.7
Axes           | 1 2 3 5 |  5.7
Maces & Flails | 1 2 3 5 |  5.7
Polearms       | 1 2 3 5 |  5.7
Staves         | 1 2 3 5 |  5.7
Ranged Weapons | 1 2 3 5 |  5.7
Throwing       | 1 2 3 5 |  5.7
Armour         | 1 2 3 5 |  5.7
Shields        | 1 2 3 5 |  5.7
Unarmed Combat | 1 2 3 5 |  5.7
Evocations     | 1 2 3 5 |  5.7
Hexes          | 1 2 3 4 |  4.7
Necromancy     | 1 2 3 4 |  4.7
Transmutations | 1 2 3 4 |  4.7
Fire Magic     | 1 2 3 4 |  4.7
Ice Magic      | 1 2 3 4 |  4.7
Air Magic      | 1 2 3 4 |  4.7
Earth Magic    | 1 2 3 4 |  4.7
Poison Magic   | 1 2 3 4 |  4.7
Dodging        | 5 6 7 |  7.4
Stealth        | 5 6 7 |  7.1
Spellcasting   | 8 9 |  9.2

Action                   |  1- 3 |  4- 6 |  7- 9 | 10-12 || total
-------------------------+-------+-------+-------+-------++-------
Melee: Dagger            |    71 |   269 |   379 |       ||   719
       Bite              |     5 |    25 |    60 |    21 ||   111
       Punch             |       |     4 |     9 |     6 ||    19
       Whip              |       |       |    50 |       ||    50
       Trident           |       |       |    95 |   129 ||   224
 Fire: Sling             |       |       |     5 |       ||     5
 Cast: Magic Dart        |    56 |       |     1 |       ||    57
       Conjure Flame     |       |       |    15 |     2 ||    17
       Mephitic Cloud    |       |       |     1 |     7 ||     8
Evoke: Wand              |       |     4 |       |       ||     4
  Use: Scroll            |       |    11 |     2 |     1 ||    14
       Potion            |       |       |     1 |       ||     1
 Stab: Confused          |       |       |       |     3 ||     3
       Distracted        |       |       |       |     1 ||     1
       Sleeping          |       |       |       |     1 ||     1
Armor: Robe              |    13 |       |       |       ||    13
       Chain mail        |    47 |   169 |   228 |       ||   444
       Steam dragon scal |       |       |    17 |     9 ||    26
       Acid dragon scale |       |       |       |    31 ||    31
Dodge: Dodged            |    41 |    71 |   164 |    68 ||   344
Block: Other             |    27 |    16 |       |       ||    43
       Reflection        |       |     1 |       |       ||     1
       Kite shield       |       |       |       |    21 ||    21

Table legend: (Time is in decaauts)
 A = Elapsed time spent in this place.
 B = Non-inter-level travel time spent in this place.
 C = Inter-level travel time spent in this place.
 D = Time resting spent in this place.
 E = Time spent auto-exploring this place.
 F = Levels seen in this place.
 G = Mean time per level.
                   A        B        C        D        E       F      G
               +--------+--------+--------+--------+--------+-----+--------+
         Total |  13992 |  13500 |    492 |   2869 |   7538 |   9 | 1554.7 |
       Dungeon |  13992 |  13500 |    492 |   2869 |   7538 |   9 | 1554.7 |
               +--------+--------+--------+--------+--------+-----+--------+

Top non-repeatable levels by time:
     D:8: 2316 daAuts
     D:3: 1884 daAuts
     D:5: 1858 daAuts
     D:7: 1702 daAuts
     D:1: 1670 daAuts
     D:6: 1390 daAuts
     D:4: 1160 daAuts
     D:2: 1021 daAuts
     D:9: 987 daAuts
